 Dungeon Crawl Stone Soup version 0.23.2 (webtiles) character file.

Game seed: 15424474624894209896

388 toffzen the Chiller (level 6, -6/45 HPs)
             Began as a Demigod Ice Elementalist on Mar 31, 2019.
             Killed from afar by an orc wizard (13 damage)
             ... with a puff of flame
             ... on level 3 of the Dungeon.
             The game lasted 00:07:24 (4045 turns).

toffzen the Chiller (Demigod Ice Elementalist)      Turns: 4045, Time: 00:07:24

Health: -6/45      AC:  2    Str: 11    XL:     6   Next: 24%
Magic:  4/14       EV: 12    Int: 23    God:
Gold:   227        SH:  0    Dex: 16    Spells: 0/11 levels left

rFire    . . .     SeeInvis .   f - +0 short sword
rCold    . . .     Gourm    .   (no shield)
rNeg     . . .     Faith    .   a - +0 robe
rPois    .         Spirit   .   (no helmet)
rElec    .         Reflect  .   (no cloak)
rCorr    .         Harm     .   (no gloves)
MR       .....                  (no boots)
Stlth    ++........             (no amulet)
HPRegen  0.15/turn              (no ring)
MPRegen  0.14/turn              (no ring)

@: lethally poisoned (-6 -> -17), about to teleport
A: high mp 1
a: no special abilities


You were on level 3 of the Dungeon.
You were not hungry.

You visited 1 branch of the dungeon, and saw 3 of its levels.

You collected 227 gold pieces.

Inventory:

Hand Weapons
 e - a +0 hunting sling
 f - a +0 short sword (weapon)
Missiles
 j - 160 stones (quivered)
 p - 4 silver tomahawks
Armour
 a - a +0 robe (worn)
Wands
 r - a wand of flame (14)
Scrolls
 b - 3 scrolls of identify {unknown}
 d - 4 scrolls of teleportation
 h - a scroll of fear {unknown}
 m - a scroll of noise {unknown}
 n - 2 scrolls of remove curse {unknown}
 o - a scroll of immolation {unknown}
 u - a scroll of blinking {unknown}
 v - a scroll of amnesia {unknown}
Potions
 g - a potion of berserk rage {unknown}
 i - 2 potions of flight {unknown}
 k - 2 potions of lignification {unknown}
 l - a potion of haste {unknown}
 q - a potion of agility {unknown}
 s - a potion of mutation {unknown}
 t - a potion of might {unknown}
 w - a potion of curing {unknown}
Comestibles
 c - 7 rations
 x - 2 chunks of flesh


   Skills:
 - Level 1.7 Dodging
 - Level 1.7 Stealth
 - Level 3.3 Spellcasting
 * Level 3.4 Conjurations
 * Level 4.7 Ice Magic


You couldn't memorise any spells.
You knew the following spells:

 Your Spells              Type           Power        Failure   Level  Hunger
a - Freeze                Ice            ####         1%          1    None
b - Throw Frost           Conj/Ice       ###...       3%          2    ##.....
c - Summon Ice Beast      Ice/Summ       ##......     38%         4    ####...
d - Throw Icicle          Conj/Ice       ###.....     21%         4    ####...

Your spell library contained the following spells:

 Spells                   Type           Power        Failure   Level  Hunger
 Ozocubu's Armour         Chrm/Ice       ##......     13%         3    ###....


Dungeon Overview and Level Annotations

Branches:
Dungeon (3/15)


Innate Abilities, Weirdness & Mutations

You have an increased reservoir of magic. (+10% MP)


Message History

Press: ? - help, Shift-Dir - straight line, f - orc wizard
Aim: an orc wizard, wielding a +0 dagger and wearing a +0 robe (fast)
You freeze the orc wizard.
The orc wizard is moderately wounded.
You feel sick.
The orc wizard hits you with a +0 dagger.
* * * LOW HITPOINT WARNING * * *
Something hits you but does no damage.
You are lethally poisoned!
The orc wizard casts a spell.
The orc wizard blinks!
Okay, then.
As you read the scroll labeled HYALEG NEH OQU, it crumbles to dust.
You feel strangely unstable.
It was a scroll of teleportation.
* * * LOW HITPOINT WARNING * * *
You feel sick.
You hear some strange, mumbled words.
A puff of flame appears from out of thin air!
The puff of flame hits you!
You die...

.#####.#.# ##.......## #..##
.........###.........####...##
...........'.........'.......#
####....####.........####...##
#.#.######.......## #..##
#.### #.........## #.## #.#
.####...## #.# #.# ##..# #.#
#.# #@.# #.# #.. #ยง)# #.#
#..# ... #.....)..#
#.......... #.......$##.#
##..#.#..# # #..#..... #.
.....#


There were no monsters in sight!

Vanquished Creatures
  A water moccasin (D:3)
  An orc priest (D:3)
  An orc wizard (D:3)
  Natasha (thrice) (D:2)
  7 adders
  An ooze (D:3)
  3 worms
  A dart slug (D:1)
  3 leopard geckos
  2 orcs (D:3)
  A ball python (D:2)
  6 giant cockroaches
  9 hobgoblins
  2 jackals (D:3)
  5 kobolds
  A quokka (D:3)
  7 bats
  3 frilled lizards
  9 goblins
  A jackal skeleton (D:3)
  5 rats
72 creatures vanquished.

Notes
Turn   | Place    | Note
-------+----------+-------------------------------------------
     0 | D:1      | toffzen the Demigod Ice Elementalist began the quest for
                  | the Orb.
     0 | D:1      | Reached XP level 1. HP: 14/14 MP: 5/5
     0 | D:1      | Noticed a gargoyle
     0 | D:1      | Noticed a dwarf
     1 | D:1      | Noticed a gargoyle
     4 | D:1      | Noticed a spriggan
     5 | D:1      | Noticed a gargoyle
     8 | D:1      | Noticed a ghoul
    11 | D:1      | Noticed an elf
    13 | D:1      | Noticed a formicid
    13 | D:1      | Noticed a dwarf
    14 | D:1      | Noticed an ogre
    15 | D:1      | Noticed a troll
    19 | D:1      | Noticed a vine stalker
   132 | D:1      | Reached skill level 3 in Ice Magic
   414 | D:1      | Reached XP level 2. HP: 20/20 MP: 4/7
   450 | D:1      | Learned a level 2 spell: Throw Frost
   695 | D:1      | Reached skill level 1 in Conjurations
  1322 | D:2      | Found a snail-covered altar of Cheibriados.
  1322 | D:2      | Found a bloodstained altar of Trog.
  1325 | D:2      | Found a stormy altar of Qazlal.
  1569 | D:2      | Reached XP level 3. HP: 19/26 MP: 5/9
  1754 | D:2      | Found a white marble altar of Elyvilon.
  1845 | D:2      | Found a glowing golden altar of the Shining One.
  2044 | D:2      | Noticed Natasha
  2088 | D:2      | Killed Natasha
  2088 | D:2      | Reached XP level 4. HP: 33/33 MP: 6/10
  2498 | D:2      | Noticed Natasha
  2515 | D:2      | Killed Natasha
  2677 | D:2      | Noticed Natasha
  2682 | D:2      | Killed Natasha
  2682 | D:2      | Reached skill level 4 in Ice Magic
  2759 | D:2      | Reached XP level 5. HP: 36/38 MP: 8/12
  3348 | D:3      | Noticed a water moccasin
  3353 | D:3      | Killed a water moccasin
  3732 | D:3      | Reached XP level 6. HP: 45/45 MP: 9/14
  3770 | D:3      | Learned a level 4 spell: Summon Ice Beast
  3775 | D:3      | Learned a level 4 spell: Throw Icicle
  4045 | D:3      | Killed from afar by an orc wizard

Skill      XL: |  1  2  3  4  5 |
---------------+----------------+-----
Ice Magic      | 3 4 |  4.7
Spellcasting   | 2 3 |  3.3
Conjurations   | 1 2 3 |  3.4
Dodging        | |  1.7
Stealth        | |  1.7

Action                   |  1- 3 |  4- 6 || total
-------------------------+-------+-------++-------
Melee: Short sword       |     4 |     4 ||     8
 Cast: Freeze            |    60 |    77 ||   137
       Throw Frost       |     3 |    11 ||    14
  Use: Scroll            |       |     1 ||     1
 Stab: Sleeping          |       |     1 ||     1
  Eat: Chunk             |     4 |     6 ||    10
Armor: Robe              |     4 |    14 ||    18
Dodge: Dodged            |    28 |    33 ||    61
